 Dungeon Crawl Stone Soup version 0.18-a0-1293-g5a2c81a (webtiles) character file.

1353 Ijustatesigmund the Chopper (level 8, -2/66 HPs)
             Began as a Demonspawn Berserker on Feb 10, 2016.
             Was a Priest of Trog.
             Slain by an unseen horror (5 damage)
             ... on level 6 of the Dungeon.
             The game lasted 00:11:47 (4673 turns).

Ijustatesigmund the Chopper (Demonspawn Berserker)  Turns: 4673, Time: 00:11:47

Health: -2/66      AC: 15    Str: 18    XL:     8   Next: 37%
Magic:  8/8        EV:  9    Int:  8    God:    Trog [***...]
Gold:   174        SH:  0    Dex: 19    Spells: 0 memorised, 7 levels left

rFire  . . .     SeeInvis .     a - +1 hand axe
rCold  . . .     Gourm    .     b - +1 chain mail
rNeg   . . .     Faith    .     (no shield)
rPois  .         Spirit   .     (helmet restricted)
rElec  .         Dismiss  .     l - +1 cloak
rCorr  .         Reflect  .     (no gloves)
SustAt .         Harm     .     m - +2 pair of boots
MR     .....                    (no amulet)
Stlth  ..........               (no ring)
                                s - +4 ring of dexterity

@: exhausted, very slightly contaminated, slowed, very slow, not resistant to
hostile enchantments, extremely unstealthy
A: horns 1, rugged brown scales 1, powered by death 1, rot immunity
a: Berserk, Trog's Hand, Burn Spellbooks, Renounce Religion


You were on level 6 of the Dungeon.
You worshipped Trog.
Trog was most pleased with you.
You were very hungry.

You visited 1 branch of the dungeon, and saw 6 of its levels.

You collected 174 gold pieces.

Inventory:

Hand Weapons
 a - a +1 hand axe (weapon)
Missiles
 f - 11 javelins (quivered)
Armour
 b - a +1 chain mail (worn)
 l - a +1 cloak (worn)
 m - a +2 pair of boots (worn)
Jewellery
 s - a +4 ring of dexterity (left hand)
Wands
 i - a wand of acid (8/15)
Scrolls
 k - a scroll of enchant weapon
 q - a scroll of fear
 u - a scroll of remove curse
Potions
 d - a potion of flight
 e - a potion of might
 g - a potion of curing
 n - 2 potions of haste
 p - a potion of invisibility
 r - a potion of degeneration {unknown}
 t - a potion of beneficial mutation {unknown}
Comestibles
 c - 3 bread rations
 h - 2 meat rations
 j - 5 fruits
 v - 3 chunks of flesh


   Skills:
 + Level 6.4 Fighting
 * Level 7.8 Axes
 - Level 1.7 Armour
 + Level 3.1 Dodging


You had 7 spell levels left.
You didn't know any spells.

Dungeon Overview and Level Annotations

Branches:
Dungeon (6/15)             Temple (0/1) D:5

Altars:
Pakellas
Ru

Shops:
D:4 }


Innate Abilities, Weirdness & Mutations

You have a pair of small horns on your head.
You are partially covered in rugged brown scales (AC +1, +3% HP).
You regenerate a little health from kills.
You are immune to rotting.


Message History

Something completely misses you.
You closely miss something.
Something hits you but does no damage. x2
You swing at nothing.
Something hits you but does no damage.
You swing at nothing.
Something hits you but does no damage.
You swing at nothing.
You feel the effects of Trog's Hand fading.
Something hits you!
* * * LOW HITPOINT WARNING * * *
You swing at nothing.
Something hits you but does no damage.
You swing at nothing.
Something hits you but does no damage.
You closely miss something. Something hits you.
* * * LOW HITPOINT WARNING * * *
Something hits you.
* * * LOW HITPOINT WARNING * * *
Something hits you but does no damage.
You swing at nothing.
Your skin stops crawling.
You feel less resistant to hostile enchantments.
Something hits you.
You die...

..# ...#......# ..#
...##...... ..#
...####.### ..# ..#
#.### .##
########'######....
.#
##...##ยง......##.###
######
#.....#.......##.#
.....#
#.....+..8(...##.#
####.#
#..@..#..........#
##...##...(...####
########(#####
##...## #.....#
#.....# #.....#
##(([## #####


There were no monsters in sight!

Vanquished Creatures
  A cyclops (D:6)
  A phantom (D:5)
  2 ogres
  2 scorpions (D:4)
  3 wights (D:6)
  An orc priest (D:4)
  A gnoll shaman (D:5)
  3 hounds
  3 worker ants
  A worker ant zombie (D:5)
  10 gnolls
  7 adders
  2 shadow imps
  An ooze (D:3)
  An adder skeleton (D:3)
  An adder zombie (D:6)
  2 worms (D:2)
  A giant gecko (D:5)
  11 orcs
  2 ball pythons
  5 giant cockroaches
  9 goblins
  6 hobgoblins
  9 jackals
  2 quokkas
  5 bats
  3 giant newts
  8 kobolds
  7 rats
110 creatures vanquished.

Notes
Turn   | Place    | Note
--------------------------------------------------------------
     0 | D:1      | Ijustatesigmund the Demonspawn Berserker began the quest for the Orb.
     0 | D:1      | Reached XP level 1. HP: 18/18 MP: 1/1
   292 | D:1      | Gained mutation: You regenerate a little health from kills. [demonic ancestry]
   292 | D:1      | Reached XP level 2. HP: 13/24 MP: 2/2
   985 | D:2      | Reached ** piety under Trog
  1069 | D:2      | Gained mutation: You are partially covered in rugged brown scales (AC +1, +3% HP). [demonic ancestry]
  1069 | D:2      | Reached XP level 3. HP: 15/29 MP: 3/3
  1971 | D:3      | Gained mutation: You have a pair of small horns on your head. [demonic ancestry]
  1971 | D:3      | Reached XP level 4. HP: 32/38 MP: 4/4
  1997 | D:3      | Found an oddly glowing altar of Pakellas.
  2054 | D:3      | Reached skill level 4 in Axes
  2478 | D:4      | Noticed an ogre
  2490 | D:4      | Killed an ogre
  2490 | D:4      | Gained mutation: You are immune to rotting. [demonic ancestry]
  2490 | D:4      | Reached XP level 5. HP: 17/44 MP: 5/5
  2653 | D:4      | Reached skill level 5 in Axes
  2670 | D:4      | Reached XP level 6. HP: 47/50 MP: 6/6
  2717 | D:4      | Reached *** piety under Trog
  2820 | D:4      | Found Ilysouv's Gadget Shop.
  2922 | D:4      | Reached skill level 5 in Fighting
  3138 | D:4      | Reached skill level 6 in Axes
  3357 | D:5      | Entered Level 5 of the Dungeon
  3480 | D:5      | Reached XP level 7. HP: 57/57 MP: 7/7
  3585 | D:5      | Found a sacrificial altar of Ru.
  4014 | D:5      | Found a staircase to the Ecumenical Temple.
  4433 | D:6      | Reached skill level 7 in Axes
  4532 | D:6      | Noticed a cyclops
  4545 | D:6      | Killed a cyclops
  4545 | D:6      | Reached XP level 8. HP: 51/66 MP: 8/8
  4653 | D:6      | HP: 2/66 [something (6)]
  4662 | D:6      | HP: 3/66 [something (6)]
  4672 | D:6      | HP: 3/66 [something (6)]
  4673 | D:6      | Slain by an unseen horror

Vault maps used:
D:1:      nicolae_arrival_washed_ashore, roderic_whirl
D:2:      kennysheep_generic_room_11
D:3:      first_bread, grunt_pakellas_basics
D:4:      serial_shops, nicolae_shop_waterfront
D:5:      nicolae_ru_awakened_eye, minmay_temple_entry_junction,
          grunt_decor_clamped
D:6:      minmay_three_doors

Action                   |  1- 3 |  4- 6 |  7- 9 || total
-------------------------+-------+-------+-------++-------
Melee: Hand axe          |   149 |   159 |    89 ||   397
Invok: Berserk           |     1 |     4 |     4 ||     9
       Burn Spellbooks   |     1 |       |       ||     1
       Trog's Hand       |       |       |     2 ||     2
  Use: Scroll            |     7 |     3 |     5 ||    15
       Potion            |       |       |     1 ||     1
 Stab: Sleeping          |     1 |       |       ||     1
       Distracted        |       |     1 |       ||     1
  Eat: Chunk             |     2 |     8 |     6 ||    16
       Pizza             |     1 |       |       ||     1
       Fruit             |       |     1 |     1 ||     2
       Beef jerky        |       |       |     1 ||     1
